 Dungeon Crawl Stone Soup version 0.30-a0-242-g7bf8e6d787 (webtiles) character file.

Game seed: 17215098948410805841

61846 Lobster4 the Tainter (level 14, -3/121 HPs)
             Began as a Green Draconian Conjurer on Oct 11, 2022.
             Was an Initiate of Gozag.
             Collided with a rock wall (7 damage)
             ... caused by a wretched star
             ... on level 2 of the Abyss on Oct 12, 2022.
             The game lasted 01:46:10 (26497 turns).

Lobster4 the Tainter (Green Draconian Conjurer)    Turns: 26497, Time: 01:46:11

Health: -3/121     AC: 14    Str: 14    XL:     14   Next: 62%
Magic:  22/27      EV: 12    Int: 20    God:    Gozag
Gold:   1764       SH: 10    Dex: 10    Spells: 17/31 levels left

rFire   . . .      SeeInvis .    Q - +8 war axe "Siobet" {vorpal, +Blink rPois rN++ Will-}
rCold   + . .      Faith    .    e - +0 kite shield
rNeg    + + +      Spirit   .    (body armour unavailable)
rPois   +          Reflect  .    (helmet restricted)
rElec   .          Harm     .    W - +1 cloak
rCorr   .          Rampage  .    o - +0 pair of gloves
Will    .....                    d - +2 pair of boots of the Ward {Int+5}
Stlth   ++........               L - amulet of magic regeneration
HPRegen 0.40/turn                c - ring of protection from cold
MPRegen 0.60/turn                T - ring of positive energy

@: unable to drink
A: breathe noxious fumes, AC +8, unfitting armour, stinger 1, poison resistance,
cold-blooded, [dopey 2], [inability to drink after injury 2]
a: Breathe Noxious Fumes, Renounce Religion, Evoke Blink, Potion Petition, Call
Merchant, Bribe Branch


You were on level 2 of the Abyss.
You worshipped Gozag.
Gozag was most pleased with you.
You visited 3 branches of the dungeon, and saw 17 of its levels.
You visited the Abyss 1 time.
You also visited: Sewer and Ossuary.

You collected 3098 gold pieces.
You spent 534 gold pieces at shops.
You paid 800 gold pieces to Gozag.

Inventory:

Hand Weapons
 a - the +8 falchion "Lizesk" {holy, rC+}
   (You found it on level 8 of the Dungeon)

   It has been blessed by the Shining One to cause great damage to the undead
   and demons.
   rC:        It protects you from cold.
 b - a +0 sling
 K - a +4 long sword of freezing
 M - a +1 scimitar of flaming
 Q - the +8 war axe "Siobet" (weapon) {vorpal, +Blink rPois rN++ Will-}
   (You found it on level 10 of the Dungeon)

   It inflicts extra damage upon your enemies.
   rPois:     It protects you from poison.
   rN:        It greatly protects you from negative energy.
   +Blink:    It lets you blink.
   Will:      It decreases your willpower.
 Y - the +2 flail of the Feather {vorpal, rElec rF- rN+++ Dex-4}
   (You found it on level 5 of the Lair of Beasts)

   It inflicts extra damage upon your enemies.
   Dex:       It affects your dexterity (-4).
   rF:        It makes you vulnerable to fire.
   rElec:     It insulates you from electricity.
   rN:        It renders you almost immune to negative energy.
Missiles
 E - 31 poisoned darts (quivered)
 N - 2 atropa-tipped darts
Armour
 d - the +2 pair of boots of the Ward (worn) {Int+5}
   (You bought it in a shop on level 9 of the Dungeon)

   Int:       It affects your intelligence (+5).
 e - a +0 kite shield (worn)
 o - a +0 pair of gloves (worn)
 W - a +1 cloak (worn)
Magical Staves
 v - a staff of fire
Jewellery
 c - a ring of protection from cold (left hand)
 G - a ring of willpower
 L - an amulet of magic regeneration (around neck)
 R - a ring of protection from fire
 S - a ring of resist corrosion
 T - a ring of positive energy (right hand)
Wands
 j - a wand of mindburst (18)
 n - a wand of flame (19)
 C - a wand of paralysis (16)
 D - a wand of digging (14)
 I - a wand of iceblast (17)
 P - a wand of acid (2)
Scrolls
 g - a scroll of summoning
 h - a scroll of fear
 i - 5 scrolls of butterflies
 q - 4 scrolls of blinking
 t - 3 scrolls of poison
 w - 9 scrolls of identify
 x - 2 scrolls of amnesia
 A - 3 scrolls of teleportation
 H - 2 scrolls of magic mapping
 O - a scroll of brand weapon
 U - a scroll of immolation
Potions
 f - 9 potions of curing
 k - 3 potions of invisibility
 p - 3 potions of brilliance
 s - 2 potions of cancellation
 u - a potion of flight
 z - 2 potions of heal wounds
 B - 4 potions of magic
 F - 2 potions of lignification
 X - a potion of haste


   Skills:
 - Level 10.0 Fighting
 - Level 6.3 Long Blades
 + Level 3.8(4.1) Axes
 - Level 2.0(3.1) Maces & Flails
 - Level 2.0 Throwing
 - Level 6.0 Dodging
 - Level 2.0 Stealth
 + Level 9.7 Shields
 + Level 9.3 Spellcasting
 + Level 10.7 Conjurations
 + Level 5.4 Ice Magic
 - Level 5.0 Air Magic
 + Level 11.0 Poison Magic
 + Level 4.1 Evocations


You had 17 spell levels left.
You knew the following spells:

 Your Spells              Type           Power      Damage    Failure   Level
a - Magic Dart            Conj           100%       1d8       1%          1
b - Searing Ray           Conj           100%       2d8       1%          2
c - Mephitic Cloud        Conj/Pois/Air  45%        N/A       1%          3
d - Poisonous Vapours     Pois/Air       82%        N/A       1%          2
e - Hailstorm             Conj/Ice       41%        3d10      1%          3
f - Frozen Ramparts       Ice            62%        1d10      5%          3

Your spell library contained the following spells:

 Spells                   Type           Power      Damage    Failure   Level
 Freeze                   Ice            100%       1d10      1%          1
 Cigotuvi's Dreadful Rot  Necr/Pois/Air  60%        N/A       2%          2
 Dazzling Flash           Conj/Hex       60%        N/A       5%          3
 Ozocubu's Armour         Ice            31%        N/A       5%          3
 Summon Small Mammal      Summ           36%        N/A       17%         1
 Fulminant Prism          Conj/Hex       15%        3d11      19%         4
 Iskenderun's Mystic Bla  Conj/Tloc      30%        2d8       19%         4
 Sublimation of Blood     Necr           9%         N/A       26%         2
 Call Canine Familiar     Summ           9%         N/A       45%         3
 Gell's Gravitas          Tloc           9%         N/A       45%         3
 Lesser Beckoning         Tloc           18%        N/A       45%         3
 Portal Projectile        Hex/Tloc       18%        N/A       45%         3
 Summon Guardian Golem    Hex/Summ       9%         N/A       45%         3
 Teleport Other           Tloc           9%         N/A       45%         3
 Tukima's Dance           Hex            9%         N/A       45%         3
 Irradiate                Conj/Tmut      15%        3d16      45%         5
 Petrify                  Tmut/Erth      9%         N/A       86%         4
 Iron Shot                Conj/Erth      15%        9d4       96%         6
 Blade Hands              Tmut           4%         N/A       99%         5
 Ozocubu's Refrigeration  Ice            15%        4d10      100%        7
 Animate Armour           Summ/Erth      Unusable   N/A       N/A         4

Dungeon Overview and Level Annotations

Branches:
Dungeon (11/15)            Temple (1/1) D:7            Lair (5/5) D:9
 Shoals (0/4) Lair:3        Snake (0/4) Lair:2        Slime (0/5) Lair:4
  Sewer (visited)         Ossuary (visited)
    Orc: D:9-12

Altars:
Ashenzari
Cheibriados
Dithmenos
Elyvilon
Fedhas
Gozag
Hepliaklqana
Kikubaaqudgha
Makhleb
Nemelex Xobeh
Okawaru
Qazlal
Ru
Sif Muna
Trog
Uskayaw
Vehumet
Wu Jian
Xom
Yredelemnul
Zin
The Shining One

Shops:
D:6 :   D:8 [!:?   D:9 *

Portals:
Trove: D:10 (give +0 shadow dragon scales)

Annotations:
D:4 Robin
D:6 1 exclusion
D:7 1 exclusion
D:8 exclusion: orange demon, Amaemon
D:11 Lodul, Sonja


Innate Abilities, Weirdness & Mutations

You can breathe blasts of noxious fumes.
Your lurid green scales are hard. (AC +8)
You cannot fit into any form of body armour.
Your tail ends in a venomous barb.
Your system is resistant to poisons. (rPois)
You are cold-blooded and may be slowed by cold attacks.
[You are very dopey. (Int -4)]
[You sometimes lose the ability to drink potions when taking damage.]


Message History

The searing ray hits the wretched star but does no damage.
The wretched star is moderately damaged.
The wretched star pulses with an eldritch light!
You occasionally lose the ability to drink potions when taking damage.
You lose the ability to drink potions when taking damage more often.
The searing ray hits the wretched star but does no damage.
The wretched star is moderately damaged.
You finish channelling your searing ray.
The wretched star pulses with an eldritch light!
You feel stupid. x2
Casting: Searing Ray (safe; 1% risk of failure)
Confirm with . or Enter, or press ? or * to list all spells.
Aiming: Searing Ray (safe; 1% risk of failure)
Press: ? - help, Shift-Dir - straight line, f/p - wretched star
Aim: a wretched star (moderately damaged, 83% to hit)
The searing ray hits the wretched star but does no damage.
The wretched star is moderately damaged. (Press . to maintain the ray.)
The wretched star glows turbulently.
The lance of force hits you!!
You feel threatened and lose the ability to drink potions!
* * * LOW HITPOINT WARNING * * *
You are knocked back by the lance of force.
You slam into the rock wall!
* * * LOW HITPOINT WARNING * * *
Casting: Searing Ray (safe; 1% risk of failure)
Confirm with . or Enter, or press ? or * to list all spells.
Aiming: Searing Ray (safe; 1% risk of failure)
Press: ? - help, Shift-Dir - straight line, f/p - wretched star
Aim: a wretched star (moderately damaged, 83% to hit)
The searing ray hits the wretched star!
The wretched star is moderately damaged. (Press . to maintain the ray.)
The wretched star glows turbulently.
The lance of force hits you!
* * * LOW HITPOINT WARNING * * *
You are knocked back by the lance of force.
You slam into the rock wall!
You die...
Your body crumbles into a pile of gold.

# . .# ## #
.# ...
.###.#.
#... .#.#.
.... ...
##..#.# ###
#....@##..#
#.#..#..#
#..##*##
##.#.#.#.#
#X##...# #.
##...# ..
...# ..
.#.# ...#


You could see a wretched star and a large abomination.

Vanquished Creatures
  A tentacled starspawn (Abyss:2)
  Kirke (Lair:3)
  A fire dragon (Lair:5)
  Erolcha (D:9)
  An ice dragon (Lair:5)
  2 hydras
  Erica (Lair:1)
  2 two-headed ogres
  A catoblepas (Lair:5)
  Urug (Lair:4)
  Nergalle (Lair:1)
  A swamp dragon (Lair:5)
  A lindwurm (Lair:5)
  3 elephants (Lair:3)
  An ugly thing (D:9)
  6 black mambas
  4 merfolk sirens (Lair:3)
  A gargoyle (D:7)
  15 cane toads
  A kobold demonologist (D:9)
  5 torpor snails
  2 rime drakes
  2 unseen horrors
  3 komodo dragons
  2 polar bears
  3 trolls (D:9)
  4 tyrant leeches (Lair:5)
  6 hornets (Lair:5)
  7 blink frogs
  A large abomination (Abyss:2)
  Sigmund (D:5)
  A shadow (D:9)
  A wraith (D:10)
  Eustachio (D:7)
  22 yaks
  3 steam dragons (Lair:5)
  3 basilisks
  8 wyverns
  Grum (D:11)
  2 acid dragons (Lair:5)
  21 water moccasins
  3 orc warriors
  A sky beast (D:6)
  A swamp drake (D:9)
  2 black bears
  An ice beast (D:7)
  4 centaurs
  12 wolves
  An ogre (D:11)
  A phantom (D:5)
  A gnoll sergeant (D:7)
  6 kobold brigands
  9 bullfrogs
  9 scorpions
  13 wights
  18 killer bees
  5 electric eels (D:6)
  3 howler monkeys (D:9)
  A starcursed mass (Abyss:2)
  A centaur zombie (Ossuary)
  4 orc priests
  7 jellies
  8 hounds
  2 human zombies (Ossuary)
  11 iguanas
  Natasha (thrice) (D:3)
  2 scorpion zombies (Ossuary)
  Ijyb (D:4)
  8 orc wizards
  A small abomination (Abyss:2)
  3 mummies (Ossuary)
  4 gnolls
  6 adders
  4 river rats
  A white imp (D:7)
  An ufetubus (D:5)
  2 worms (D:3)
  2 dart slugs
  35 orcs
  12 endoplasms
  11 giant cockroaches
  2 gnoll zombies (Ossuary)
  18 goblins
  6 hobgoblins
  23 kobolds
  2 quokkas
  11 ball pythons
  9 bats
  4 frilled lizards
  2 goblin zombies (Ossuary)
  4 hobgoblin zombies (Ossuary)
  3 kobold zombies (Ossuary)
  2 orc zombies (Ossuary)
  12 rats
  A butterfly (Lair:2)
  2 starspawn tentacles (Abyss:2)
466 creatures vanquished.

Vanquished Creatures (others)
  A komodo dragon (D:9)
  3 humans (Lair:3)
  A basilisk (D:9)
  A kobold (D:9)
  45 fungi
  103 plants
  3 starspawn tentacles (Abyss:2)
157 creatures vanquished.

Grand Total: 623 creatures vanquished

Notes
Turn   | Place    | Note
-------+----------+-------------------------------------------
     0 | D:1      | Lobster4 the Draconian Conjurer began the quest for the
                  | Orb.
     0 | D:1      | Reached XP level 1. HP: 14/14 MP: 3/3
   457 | D:1      | Reached XP level 2. HP: 22/22 MP: 3/5
   503 | D:1      | Learned a level 2 spell: Searing Ray
   940 | D:1      | Reached skill level 1 in Fighting
  1216 | D:1      | Reached XP level 3. HP: 28/28 MP: 3/6
  1591 | D:2      | Reached skill level 1 in Shields
  2349 | D:3      | Reached XP level 4. HP: 30/36 MP: 0/7
  2539 | D:3      | Noticed Natasha
  2625 | D:3      | Killed Natasha
  2725 | D:3      | Noticed Natasha
  2735 | D:3      | Killed Natasha
  2736 | D:3      | Reached XP level 5. HP: 32/41 MP: 1/9
  2758 | D:3      | Noticed Natasha
  2811 | D:3      | Killed Natasha
  3191 | D:3      | You fall into a shaft and drop 1 floor!
  3306 | D:4      | Noticed Robin
  3432 | D:4      | Noticed Ijyb
  3523 | D:4      | Killed Ijyb
  3524 | D:4      | Reached skill level 1 in Maces & Flails
  3530 | D:4      | Reached skill level 5 in Conjurations
  3530 | D:4      | Reached XP level 6. HP: 50/50 MP: 0/10
  3559 | D:4      | Found a glowing drain.
  3568 | Sewer    | Entered a sewer
  4167 | Sewer    | Found a viscous altar of Jiyva.
  4677 | D:4      | Your scales start taking on a lurid green colour.
  4677 | D:4      | Reached XP level 7. HP: 57/57 MP: 4/12
  4677 | D:4      | Gained mutation: Your system is resistant to poisons.
                  | (rPois) [Green Draconian growth]
  4681 | D:4      | Learned a level 3 spell: Mephitic Cloud
  4684 | D:4      | Learned a level 2 spell: Poisonous Vapours
  5148 | D:5      | Entered Level 5 of the Dungeon
  5148 | D:5      | Noticed Sigmund
  5342 | D:5      | Reached skill level 1 in Poison Magic
  5423 | D:5      | Killed Sigmund
  5424 | D:5      | Reached skill level 1 in Air Magic
  5637 | D:5      | Reached skill level 2 in Poison Magic
  5708 | D:5      | Reached XP level 8. HP: 57/66 MP: 2/14
  6368 | D:6      | Reached skill level 3 in Poison Magic
  6803 | D:6      | Found a shadowy altar of Dithmenos.
  6939 | D:6      | Reached skill level 5 in Fighting
  6939 | D:6      | Reached skill level 1 in Evocations
  7127 | D:6      | Reached skill level 4 in Poison Magic
  7368 | D:6      | Found Weosell's Vocational Training.
  7750 | D:6      | Found a glowing silver altar of Zin.
  7926 | D:7      | Reached skill level 5 in Spellcasting
  7926 | D:7      | Reached XP level 9. HP: 69/74 MP: 0/16
  8032 | D:7      | Noticed a gargoyle
  8452 | D:7      | Found a staircase to the Ecumenical Temple.
  8461 | Temple   | Entered the Ecumenical Temple
  8748 | D:7      | Killed a gargoyle
  8749 | D:7      | Reached skill level 1 in Throwing
  8749 | D:7      | Reached skill level 5 in Shields
  8836 | D:7      | Noticed Eustachio
  8848 | D:7      | Killed Eustachio
  9202 | D:7      | Reached skill level 5 in Poison Magic
  9605 | D:8      | Found Geezept's Distillery.
  9728 | D:8      | Found Zotilamp's Magic Scroll Boutique.
  9735 | D:8      | Bought a scroll of identify for 32 gold pieces
  9735 | D:8      | Bought a scroll of identify for 32 gold pieces
  9735 | D:8      | Bought a scroll of identify for 32 gold pieces
  9735 | D:8      | Bought a scroll of identify for 32 gold pieces
  9735 | D:8      | Bought a scroll of identify for 32 gold pieces
  9735 | D:8      | Bought a scroll of identify for 32 gold pieces
  9755 | D:8      | Found a sand-covered staircase.
  9762 | Ossuary  | Entered an ossuary
 10676 | D:8      | Found a hide-covered altar of Uskayaw.
 10697 | D:8      | Reached XP level 10. HP: 46/84 MP: 9/18
 10857 | D:8      | Reached skill level 6 in Poison Magic
 10980 | D:8      | Found Bierati's Book Boutique.
 10997 | D:8      | Found Mucluwat's Armour Boutique.
 11205 | D:8      | Identified the +8 falchion "Lizesk" {holy, rC+}
 11237 | D:8      | Noticed Amaemon
 11237 | D:8      | Noticed an orange demon
 11807 | D:9      | Noticed a green ugly thing
 11842 | D:9      | Killed a green ugly thing
 11843 | D:9      | Reached skill level 1 in Long Blades
 12771 | D:9      | Noticed Erolcha
 12781 | D:9      | Killed Erolcha
 12922 | D:9      | Reached skill level 7 in Poison Magic
 13070 | D:9      | Found a staircase to the Lair.
 13348 | D:9      | Noticed a two-headed ogre
 13851 | D:9      | Killed a two-headed ogre
 13852 | D:9      | Reached XP level 11. HP: 85/93 MP: 21/21
 14549 | D:10     | Entered Level 10 of the Dungeon
 14699 | D:10     | Identified the +8 war axe "Siobet" {vorpal, +Blink rPois
                  | rN++ Will-}
 15020 | D:10     | Found a sacrificial altar of Ru.
 15027 | D:10     | Found a hazy altar of Hepliaklqana.
 15554 | D:10     | Found a portal to a secret trove of treasure.
 15733 | D:10     | Found an opulent altar of Gozag.
 15751 | D:10     | Became a worshipper of Gozag Ym Sagoz the Greedy
 15937 | D:11     | Noticed a two-headed ogre
 15949 | D:11     | Killed a two-headed ogre
 16000 | D:11     | Noticed Grum
 16006 | D:11     | Killed Grum
 16054 | D:11     | Reached skill level 8 in Poison Magic
 16064 | D:11     | Noticed Lodul
 16280 | Lair:1   | Entered Level 1 of the Lair of Beasts
 16398 | Lair:1   | Noticed Nergalle
 16413 | Lair:1   | Killed Nergalle
 16886 | Lair:1   | Noticed Erica
 16898 | Lair:1   | Killed Erica
 17123 | Lair:2   | Found a staircase to the Snake Pit.
 17842 | Lair:2   | Reached XP level 12. HP: 103/103 MP: 14/23
 17982 | Lair:1   | Learned a level 3 spell: Hailstorm
 18297 | Lair:2   | Reached skill level 9 in Poison Magic
 18442 | Lair:2   | Reached skill level 1 in Ice Magic
 18772 | Lair:2   | Reached skill level 5 in Long Blades
 19125 | Lair:3   | Noticed Kirke
 19125 | Lair:3   | Noticed a six-headed hydra
 19307 | Lair:3   | Killed a three-headed hydra
 19616 | Lair:3   | Killed Kirke
 19617 | Lair:3   | Reached skill level 5 in Air Magic
 20245 | Lair:3   | Reached skill level 5 in Dodging
 20431 | Lair:3   | Found a staircase to the Shoals.
 20451 | Lair:3   | Reached XP level 13. HP: 89/111 MP: 19/25
 20952 | Lair:4   | Noticed Urug
 20973 | Lair:4   | Killed Urug
 21389 | Lair:4   | Found a staircase to the Slime Pits.
 21758 | Lair:4   | Reached skill level 10 in Fighting
 21758 | Lair:4   | Reached skill level 10 in Conjurations
 21758 | Lair:4   | Reached skill level 10 in Poison Magic
 21758 | Lair:4   | Gained mutation: Your tail ends in a venomous barb. [Green
                  | Draconian growth]
 21758 | Lair:4   | Reached XP level 14. HP: 121/121 MP: 26/26
 22219 | Lair:5   | Entered Level 5 of the Lair of Beasts
 22754 | Lair:5   | Identified the +2 flail of the Feather {vorpal, rElec rF-
                  | rN+++ Dex-4}
 23254 | Lair:5   | Learned a level 3 spell: Frozen Ramparts
 24423 | Lair:5   | Reached skill level 5 in Ice Magic
 24802 | Lair:5   | Found a runed translucent door.
 25093 | Lair:5   | Paralysed by a hornet for 1 turns
 26034 | D:9      | Bought a pair of spiked boots for 342 gold pieces
 26034 | D:9      | Identified the +2 pair of boots of the Ward {Int+5} (You
                  | bought it in a shop on level 9 of the Dungeon)
 26193 | D:11     | Noticed Sonja
 26195 | Abyss:2  | Cast into level 2 of the Abyss (Sonja)
 26206 | Abyss:2  | Found a corrupted altar of Lugonu.
 26275 | Abyss:2  | Noticed a tentacled starspawn
 26295 | Abyss:2  | Killed a tentacled starspawn
 26296 | Abyss:2  | Reached skill level 11 in Poison Magic
 26371 | Abyss:2  | Noticed a starcursed mass
 26374 | Abyss:2  | Noticed an acid blob
 26374 | Abyss:2  | Noticed a starcursed mass
 26497 | Abyss:2  | HP: 4/121 [wretched star/lance of force (15)]
 26497 | Abyss:2  | Collided with a rock wall

Illustrated notes

Levels and vault maps discovered:
D:1:      spicycebolla_arrival_ecumenical, layout_basic, minmay_tall_x
D:2:      layout_basic, kennysheep_crisscross
D:3:      layout_rooms, uniq_natasha
D:4:      layout_cave_pods, portal_sewer_entry_a, minmay_misc_feat_iff,
          grunt_ministairs_10, hangedman_abyss_or_decor_stagger, uniq_robin,
          uniq_ijyb
D:5:      layout_loops_ring, uniq_sigmund
D:6:      layout_basic, kennysheep_little_box, zin_scriptorium, serial_bayou,
          serial_bayou_crossing, serial_bayou_lake_a, serial_bayou_pond_c,
          serial_bayou_pond_d, serial_bayou_ford_a, nicolae_shop_vocational
D:7:      layout_basic, minmay_temple_entry_overgrown, sword_in_stone
D:8:      layout_basic, mainiacjoe_overflow_paths, serial_shops, shop_statue,
          nicolae_shop_competitors_out_of_business,
          nicolae_shop_window_shopping, nicolae_shop_stone,
          chequers_ossuary_entry_cave, minivault_19, uniq_amaemon
D:9:      minmay_s_stair_smasher, layout_long_grid, erik_lair_dragon,
          minivault_11, uniq_erolcha
D:10:     layout_loops_ring, mainiacjoe_overflow_large_starburst,
          nicolae_gozag_cash_rules_everything_around_me,
          nicolae_trove_entry_diagonal
D:11:     layout_basic, serial_shops, shop, uniq_maurice, uniq_lodul, uniq_grum,
          uniq_sonja
Temple:   kb_temple_of_zot
Lair:1:   layout_misc_corridors, minmay_holes, serial_bayou_shore_a,
          uniq_nergalle, uniq_erica
Lair:2:   layout_chaotic_city, minmay_snake_entry_six_corridors,
          patterned_corridor, lemuel_fruit_fields
Lair:3:   layout_concentric_octagons, elwin_shoals_entry_stream,
          beast_lair_carwin_11, lemuel_fruit_tree, uniq_kirke
Lair:4:   layout_cave_pods, nicolae_slime_entry_slimehenge, uniq_urug
Lair:5:   wormcave, layout_gridlike, guppyfry_lair_end_dragon,
          eino_small_chamber_without_monster
Abyss:2:  base: D:6, lemuel_flamethrower_2, minivault_25_ag

Skill      XL: |  1  2  3  4  5  6  7  8  9 10 11 12 13 14 |
---------------+-------------------------------------------+-----
Dodging        | 2 3 4 5 6 |  6.0
Stealth        | 2 |  2.0
Fighting       | 1 2 3 4 5 6 7 8 9 10 | 10.0
Shields        | 1 2 3 4 5 6 7 8 9 |  9.7
Spellcasting   | 3 4 5 6 7 8 9 |  9.3
Maces & Flails | 1 2 |  2.0
Conjurations   | 5 6 7 8 9 10 | 10.7
Poison Magic   | 2 4 5 7 8 9 10 11 | 11.0
Air Magic      | 1 2 4 5 |  5.0
Evocations     | 1 3 4 |  4.1
Throwing       | 2 |  2.0
Long Blades    | 3 4 5 6 |  6.3
Ice Magic      | 3 4 5 |  5.4
Axes           | 2 3 |  3.8

Action                   |  1- 3 |  4- 6 |  7- 9 | 10-12 | 13-15 || total
-------------------------+-------+-------+-------+-------+-------++-------
Melee: Short sword       |     3 |       |       |       |       ||     3
       Tailslap          |     1 |     4 |    21 |    45 |    33 ||   104
       Quarterstaff      |     2 |    24 |       |       |       ||    26
       Flail             |       |    29 |   170 |     6 |       ||   205
       Falchion          |       |       |       |   240 |    74 ||   314
       Scimitar          |       |       |       |     5 |    12 ||    17
       War axe           |       |       |       |       |    78 ||    78
Throw: Boomerang         |       |     1 |       |       |       ||     1
       Dart              |       |       |     4 |     8 |     2 ||    14
 Cast: Magic Dart        |    75 |    87 |    75 |   140 |    64 ||   441
       Searing Ray       |     1 |    22 |    65 |   151 |    58 ||   297
       Poisonous Vapours |       |       |    15 |    33 |    58 ||   106
       Mephitic Cloud    |       |       |       |    22 |     8 ||    30
       Hailstorm         |       |       |       |     8 |     4 ||    12
Invok: Call Merchant     |       |       |       |       |     1 ||     1
 Abil: Breathe Noxious F |       |       |     1 |     2 |       ||     3
Evoke: Wand              |       |       |       |     9 |     4 ||    13
  Use: Scroll            |     3 |     4 |    15 |     5 |     4 ||    31
       Potion            |       |     2 |     3 |     4 |    10 ||    19
 Stab: Sleeping          |       |       |     2 |       |       ||     2
       Confused          |       |       |       |     5 |     3 ||     8
Armor: Skin              |     4 |    62 |   103 |   187 |   114 ||   470
Dodge: Dodged            |    16 |    28 |   113 |   238 |   117 ||   512
Block: Kite shield       |       |    17 |    92 |   256 |   144 ||   509

Table legend: (Time is in decaauts)
 A = Elapsed time spent in this place.
 B = Non-inter-level travel time spent in this place.
 C = Inter-level travel time spent in this place.
 D = Time resting spent in this place.
 E = Time spent auto-exploring this place.
 F = Levels seen in this place.
 G = Mean time per level.
                   A        B        C        D        E       F      G
               +--------+--------+--------+--------+--------+-----+--------+
         Total |  26893 |  25535 |   1358 |   6408 |  13483 |  20 | 1344.7 |
       Dungeon |  14890 |  13979 |    911 |   2980 |   8103 |  11 | 1353.6 |
        Temple |    111 |    103 |      8 |      0 |     79 |   1 |  111.0 |
          Lair |   9900 |   9462 |    438 |   2578 |   4827 |   5 | 1980.0 |
         Abyss |    312 |    312 |      0 |    150 |     69 |   1 |  312.0 |
         Sewer |    786 |    786 |      0 |    257 |    346 |   1 |  786.0 |
       Ossuary |    891 |    891 |      0 |    443 |     58 |   1 |  891.0 |
               +--------+--------+--------+--------+--------+-----+--------+

Top non-repeatable levels by time:
  Lair:5: 3797 daAuts
     D:9: 2648 daAuts
  Lair:2: 1862 daAuts
  Lair:3: 1774 daAuts
     D:6: 1735 daAuts
     D:8: 1637 daAuts
     D:7: 1519 daAuts
    D:10: 1399 daAuts
     D:1: 1375 daAuts
  Lair:4: 1311 daAuts
     D:4: 1245 daAuts
     D:5: 1202 daAuts
     D:2: 1165 daAuts
  Lair:1: 1154 daAuts
 Ossuary: 891 daAuts
